 Dungeon Crawl Stone Soup version 0.29.0-4-gdea44cf6ec (webtiles) character file.

Game seed: 10627067209922284879

653 qw the Cleaver (level 7, -2/60 HPs)
             Began as a Minotaur Fighter on Sept 4, 2022.
             Slain by an orc
             ... wielding a +0 morningstar
              (5 damage)
             ... on level 5 of the Dungeon.
             The game lasted 00:01:23 (3561 turns).

qw the Cleaver (Minotaur Fighter)                   Turns: 3561, Time: 00:01:23

Health: -2/60      AC: 12    Str: 23    XL:     7   Next: 28%
Magic:  6/6        EV:  7    Int:  5    God:
Gold:   75         SH:  9    Dex:  9    Spells: 6/6 levels left

rFire   . . .      SeeInvis .   Y - +0 war axe
rCold   . . .      Faith    .   c - +0 buckler
rNeg    . . .      Spirit   .   l - +0 chain mail
rPois   .          Reflect  +   (helmet restricted)
rElec   .          Harm     .   h - +2 cloak
rCorr   .          Rampage  .   (no gloves)
Will    .....                   (no boots)
Stlth   ..........              f - amulet of reflection
HPRegen 0.20/turn               (no ring)
MPRegen 0.10/turn               (no ring)

@: about to teleport
A: horns 2, retaliatory headbutt
a: no special abilities


You were on level 5 of the Dungeon.
You visited 1 branch of the dungeon, and saw 5 of its levels.

You collected 224 gold pieces.
You spent 149 gold pieces at shops.


Innate Abilities, Weirdness & Mutations

You have a pair of horns on your head.
You reflexively headbutt those who attack you in melee.


   Skills:
 + Level 4.4 Fighting
 - Level 9.3 Axes
 - Level 3.6 Armour
 - Level 1.1 Dodging
 - Level 3.6 Shields


You had 6 spell levels left.
You didn't know any spells.
Your spell library was empty.

Inventory:

Hand Weapons
 b - a +0 flail
 Y - a +0 war axe (weapon)
Missiles
 i - 5 boomerangs (quivered)
Armour
 c - a +0 buckler (worn)
 h - a +2 cloak (worn)
 l - a +0 chain mail (worn)
Jewellery
 f - an amulet of reflection (around neck)
Scrolls
 a - 3 scrolls of teleportation
 j - 5 scrolls of identify
Potions
 d - a potion of might
 e - 2 potions of haste
 g - a potion of resistance
 k - 2 potions of curing

Dungeon Overview and Level Annotations

Branches:
Dungeon (5/15)
 Temple: D:4-7

Altars:
Hepliaklqana
Yredelemnul
Zin

Shops:
D:3 ?   D:4 *


Message History

The water moccasin is heavily wounded.
You hit the orc.
You feel sick. The orc hits you with a +0 morningstar.
The water moccasin bites you but does no damage.
You closely miss the water moccasin.
The water moccasin is heavily wounded.
You hit the orc but do no damage. You hit the orc.
You feel sick. You block the water moccasin's attack.
The orc closely misses you. The orc hits you but does no damage.
The water moccasin bites you but does no damage.
You slash the water moccasin!
The water moccasin is almost dead.
You closely miss the orc. x2
You feel sick. You block the orc's attack. The orc hits you but does no damage.
You block the water moccasin's attack.
You miss the water moccasin.
The water moccasin is almost dead.
You closely miss the orc. You hit the orc.
You feel sick.
The water moccasin bites you but does no damage.
The orc hits you but does no damage. The orc hits you with a +0 mace.
The water moccasin barely misses you. The orc hits you with a +0 morningstar.
The orc closely misses you.
3559 ||| READING 4 scrolls of teleportation.
As you read the scroll of teleportation, it crumbles to dust.
You feel strangely unstable.
You feel sick. You block the water moccasin's attack.
The orc hits you but does no damage. The orc hits you with a +0 mace.
You slash the water moccasin!
You kill the water moccasin!
You closely miss the orc. You slash the orc!
You kill the orc!
You feel sick.
You are no longer poisoned.
The orc hits you but does no damage.
Your Axes skill increases to level 9!
You hit the orc but do no damage.
The orc is lightly wounded.
The orc hits you with a +0 morningstar.
You die...

#...........##
#............#
#............## #
..(......)...# .# ##
#.......#...## .#
.##......####..# $##.
..............####.....
...###......###o......
.#.##....##...@%......
..##<#......#...#)#.....
#.........##..##.# ...
##.........#..# .. .
###........#.. ...
##.........###...
###.......# ....
#......## ..... .......


You could see an orc.

Vanquished Creatures
  A water moccasin (D:5)
  An ogre (D:3)
  3 scorpions (D:4)
  A hound (D:4)
  An orc priest (D:4)
  2 iguanas (D:4)
  Natasha (twice) (D:2)
  An adder (D:2)
  4 dart slugs
  21 orcs
  4 bats
  5 endoplasms
  2 giant cockroaches (D:1)
  4 goblins
  5 hobgoblins
  8 jackals
  8 kobolds
  3 quokkas
  7 ball pythons
  5 frilled lizards
  3 rats
91 creatures vanquished.

Notes
Turn   | Place    | Note
-------+----------+-------------------------------------------
     0 | D:1      | qw the Minotaur Fighter began the quest for the Orb.
     0 | D:1      | Reached XP level 1. HP: 19/19 MP: 0/0
     0 | D:1      | 0 ||| qw: Version: 0.1-a-103-gd6f5d3a
     0 | D:1      | 0 ||| qw: Game counter: 5466
     0 | D:1      | 0 ||| qw: Always use a shield: true
     0 | D:1      | 0 ||| qw: God list: Ru
     0 | D:1      | 0 ||| qw: Allow faded altars: false
     0 | D:1      | 0 ||| qw: Do Orc after D:15 true
     0 | D:1      | 0 ||| qw: Do second Lair branch before Depths: true
     0 | D:1      | 0 ||| qw: Lair rune preference: random
     0 | D:1      | 0 ||| qw: Plans: Normal
     0 | D:1      | 0 ||| PLANNING D:1-11
    89 | D:1      | Reached skill level 3 in Axes
    96 | D:1      | 96 ||| Stepping ~*~*~tactically~*~*~ (stealth).
   112 | D:1      | Reached XP level 2. HP: 20/26 MP: 1/1
   116 | D:1      | 116 ||| Stepping ~*~*~tactically~*~*~ (stealth).
   117 | D:1      | 117 ||| Stepping ~*~*~tactically~*~*~ (stealth).
   121 | D:1      | 121 ||| Stepping ~*~*~tactically~*~*~ (stealth).
   122 | D:1      | 122 ||| Stepping ~*~*~tactically~*~*~ (stealth).
   128 | D:1      | 128 ||| Stepping ~*~*~tactically~*~*~ (stealth).
   129 | D:1      | 129 ||| Stepping ~*~*~tactically~*~*~ (stealth).
   187 | D:1      | 187 ||| Stepping ~*~*~tactically~*~*~ (stealth).
   389 | D:1      | Found a faded altar of an unknown god.
   527 | D:1      | Reached skill level 4 in Axes
   811 | D:1      | 811 ||| UPGRADING to +0 cloak.
   816 | D:1      | 816 ||| READING scroll labelled QECRIA JUJUS.
   817 | D:1      | 817 ||| READING scroll labelled BACOL QAFREGH.
   818 | D:1      | 818 ||| DRINKING 2 bubbling coppery potions.
  1094 | D:2      | Reached XP level 3. HP: 28/31 MP: 2/2
  1108 | D:2      | Noticed Natasha
  1109 | D:2      | 1109 ||| Stepping ~*~*~tactically~*~*~ (stealth).
  1120 | D:2      | Killed Natasha
  1123 | D:2      | Reached skill level 5 in Axes
  1130 | D:2      | Reached skill level 1 in Dodging
  1251 | D:2      | Reached XP level 4. HP: 39/39 MP: 3/3
  1325 | D:2      | Noticed Natasha
  1326 | D:2      | 1326 ||| FLEEEEING.
  1335 | D:2      | 1335 ||| FLEEEEING.
  1336 | D:2      | 1336 ||| FLEEEEING.
  1339 | D:2      | 1339 ||| Stepping ~*~*~tactically~*~*~ (hiding).
  1348 | D:2      | Killed Natasha
  1752 | D:2      | 1752 ||| READING 3 scrolls labelled EBLAEQ JONINIO.
  1755 | D:2      | 1755 ||| READING scroll labelled JOKLOIRYRPH.
  1756 | D:2      | 1756 ||| READING 2 scrolls of identify.
  1756 | D:2      | 1756 ||| IDENTIFYING sapphire potion
  1815 | D:3      | Identified the +1 helmet of Honour {rElec rF- rC++ rN+}
  1873 | D:3      | Found a hazy altar of Hepliaklqana.
  1928 | D:3      | Found Libosaen's Magic Scroll Shoppe.
  1936 | D:3      | 1936 ||| BUYING scroll of enchant armour (97 gold).
  1936 | D:3      | Bought a scroll of enchant armour for 97 gold pieces
  1936 | D:3      | 1936 ||| SHOPLISTING scroll of enchant weapon (97 gold,
                  | have 71).
  1936 | D:3      | 1936 ||| BUYING scroll of identify (26 gold).
  1936 | D:3      | Bought a scroll of identify for 26 gold pieces
  1936 | D:3      | 1936 ||| BUYING scroll of identify (26 gold).
  1936 | D:3      | Bought a scroll of identify for 26 gold pieces
  1936 | D:3      | 1936 ||| SHOPLISTING scroll of identify (26 gold, have 19).
  1936 | D:3      | 1936 ||| SHOPLISTING scroll of teleportation (39 gold, have
                  | 19).
  1936 | D:3      | 1936 ||| READING 2 scrolls of enchant armour.
  1936 | D:3      | 1936 ||| ENCHANTING +0 cloak.
  1937 | D:3      | 1937 ||| READING scroll of enchant armour.
  1937 | D:3      | 1937 ||| ENCHANTING +1 cloak.
  1943 | D:3      | 1943 ||| Stepping ~*~*~tactically~*~*~ (stealth).
  2040 | D:3      | 2040 ||| Stepping ~*~*~tactically~*~*~ (hiding).
  2042 | D:3      | 2042 ||| Stepping ~*~*~tactically~*~*~ (hiding).
  2085 | D:3      | Noticed an ogre
  2094 | D:3      | Killed an ogre
  2095 | D:3      | Reached skill level 6 in Axes
  2095 | D:3      | Reached XP level 5. HP: 21/45 MP: 4/4
  2264 | D:3      | 2264 ||| Stepping ~*~*~tactically~*~*~ (stealth).
  2265 | D:3      | 2265 ||| Stepping ~*~*~tactically~*~*~ (stealth).
  2344 | D:3      | 2344 ||| Stepping ~*~*~tactically~*~*~ (stealth).
  2415 | D:3      | 2415 ||| UPGRADING to +0 chain mail.
  2425 | D:3      | 2425 ||| DROPPING +0 scale mail.
  2426 | D:3      | 2426 ||| DRINKING 2 yellow potions.
  2427 | D:3      | 2427 ||| READING 4 scrolls of identify.
  2427 | D:3      | 2427 ||| IDENTIFYING orange potion
  2428 | D:3      | 2428 ||| DROPPING potion of brilliance.
  2522 | D:4      | Reached skill level 7 in Axes
  2526 | D:4      | Reached XP level 6. HP: 49/53 MP: 5/5
  2546 | D:4      | 2546 ||| DROPPING +0 whip.
  2553 | D:4      | 2553 ||| Stepping ~*~*~tactically~*~*~ (stealth).
  2556 | D:4      | 2556 ||| Stepping ~*~*~tactically~*~*~ (stealth).
  2558 | D:4      | 2558 ||| Stepping ~*~*~tactically~*~*~ (stealth).
  2612 | D:4      | 2612 ||| Stepping ~*~*~tactically~*~*~ (stealth).
  2616 | D:4      | Found a basalt altar of Yredelemnul.
  2653 | D:4      | 2653 ||| Stepping ~*~*~tactically~*~*~ (hiding).
  2664 | D:4      | Reached skill level 8 in Axes
  2891 | D:4      | 2891 ||| Stepping ~*~*~tactically~*~*~ (hiding).
  2920 | D:4      | Found a glowing silver altar of Zin.
  2921 | D:4      | Found Zin's Purification Station.
  2928 | D:4      | 2928 ||| SHOPLISTING 2 potions of curing (180 gold, have
                  | 34).
  3010 | D:4      | 3010 ||| Stepping ~*~*~tactically~*~*~ (stealth).
  3434 | D:4      | Reached XP level 7. HP: 60/60 MP: 6/6
  3489 | D:4      | 3489 ||| UPGRADING to amulet of reflection.
  3494 | D:4      | 3494 ||| DROPPING +6 ring of intelligence.
  3495 | D:4      | 3495 ||| DRINKING 2 pink potions.
  3496 | D:4      | 3496 ||| READING 5 scrolls of identify.
  3496 | D:4      | 3496 ||| IDENTIFYING bubbling clear potion
  3497 | D:4      | 3497 ||| DROPPING potion of invisibility.
  3498 | D:4      | 3498 ||| DROPPING potion of degeneration.
  3517 | D:5      | Entered Level 5 of the Dungeon
  3558 | D:5      | HP: 14/60 [orc/+0 mace (2)]
  3559 | D:5      | 3559 ||| READING 4 scrolls of teleportation.
  3559 | D:5      | HP: 4/60 [orc/+0 mace (5)]
  3561 | D:5      | Reached skill level 9 in Axes
  3561 | D:5      | Slain by an orc

Levels and vault maps discovered:
D:1:      amcnicky_arrival_blooded_trapdoor, layout_loops_ring,
          ebering_ecumenical_altar_abandoned, minmay_ruptured
D:2:      layout_loops_cross, uniq_natasha
D:3:      layout_rooms, mainiacjoe_overflow_paths, serial_shops, shop,
          chequers_serial_rivers_small_b, serial_park_tiny_2
D:4:      layout_loops_cross, kennysheep_little_box, zin_purify
D:5:      kennysheep_spiral_hall, layout_cave_pools,
          mainiacjoe_overflow_tiny_flanked, kennysheep_mini_moat,
          lightli_corner_chamber, uniq_ijyb

Skill      XL: |  1  2  3  4  5  6  7 |
---------------+----------------------+-----
Axes           | 3 4 5 6 7 8 9 |  9.3
Dodging        | 1 |  1.1
Fighting       | 4 |  4.4
Armour         | |  3.6
Shields        | |  3.6

Action                   |  1- 3 |  4- 6 |  7- 9 || total
-------------------------+-------+-------+-------++-------
Melee: War axe           |    65 |    92 |    19 ||   176
       Headbutt          |     7 |     9 |     3 ||    19
Throw: Boomerang         |     8 |    42 |     2 ||    52
  Use: Scroll            |     2 |     6 |     2 ||    10
       Potion            |     1 |     1 |     1 ||     3
Armor: Scale mail        |    31 |    13 |       ||    44
       Chain mail        |       |    19 |    13 ||    32
Dodge: Dodged            |    28 |    28 |     7 ||    63
Block: Buckler           |    21 |    19 |    10 ||    50

Table legend:
 A = Non-vault XP
 B = Vault XP
 C = Vault XP percentage of total XP
 D = Non-vault monster count
 E = Vault monster count
 F = Vault count percentage of total count
                 A         B        C        D         E       F
            +---------+---------+-------+---------+---------+-------
      Total |     897 |      36 |   3.9 |      89 |       2 |   2.2
            +---------+---------+-------+---------+---------+-------
        D:1 |      31 |       1 |   3.1 |      19 |       1 |   5.0
        D:2 |      68 |      35 |  34.0 |      16 |       1 |   5.9
        D:3 |     160 |       0 |   0.0 |      18 |       0 |   0.0
        D:4 |     486 |       0 |   0.0 |      31 |       0 |   0.0
        D:5 |     152 |       0 |   0.0 |       5 |       0 |   0.0
            +---------+---------+-------+---------+---------+-------
